 Dungeon Crawl Stone Soup version 0.30.1-11-g7821555f0a (webtiles) character file.

Game seed: 16406109368979858048

34397 craigmon the Fighter (level 13, 0/125 HPs)
             Began as a Minotaur Berserker on Jan 6, 2024.
             Was an Elder of Trog.
             Slain by an efreet
             ... wielding a +1 scimitar of flaming
              (13 damage)
             ... on level 3 of the Abyss on Jan 9, 2024.
             The game lasted 02:02:49 (13165 turns).

craigmon the Fighter (Minotaur Berserker)          Turns: 13165, Time: 02:02:50

Health: 0/125      AC:  5    Str: 28      XL:     13   Next: 42%
Magic:  4/4        EV: 15    Int:  6 (8)  God:    Trog [****..]
Gold:   755        SH:  5    Dex: 10      Spells: 12/12 levels left

rFire   + . .        b - +11 morningstar of Joor Jol {antimagic, *Corrode rElec rC+++ Stlth+}
rCold   + + +        (no shield)
rNeg    + . .        (no body armour)
rPois   +            (helmet restricted)
rElec   +            x - +2 ratskin cloak {*Rats rPois rN+ Str-1 Int-1 Dex+1}
rCorr   .            t - +0 pair of gloves
SInv    .            (no boots)
Will    ++...        H - amulet of reflection
Stlth   ++           p - +6 ring of intelligence
HPRegen 1.40/turn    K - ring of protection from fire
MPRegen 0.09/turn

%: corrode self (3%), reflection
@: strong-willed, regenerating
A: horns 2, retaliatory headbutt, talons 1, deformed body, strong 1, [clumsy 1]
a: Renounce Religion, Berserk, Trog's Hand, Brothers in Arms


You were on level 3 of the Abyss.
You worshipped Trog.
Trog was greatly pleased with you.
You visited 3 branches of the dungeon, and saw 15 of its levels.
You visited the Abyss 1 time.

You collected 755 gold pieces.

Inventory:

Hand Weapons
 b - the +11 morningstar of Joor Jol (weapon) {antimagic, *Corrode rElec rC+++ Stlth+}
   (You took it off an orc on level 7 of the Dungeon)

   rC:        It renders you almost immune to cold.
   rElec:     It insulates you from electricity.
   *Corrode:  It may corrode you when you take damage.
   Stlth:     It makes you more stealthy.
 e - a +0 dagger of holy wrath
 f - a +0 sling
 u - a +3 flail of protection
 N - a +5 battleaxe
 P - a +5 halberd of freezing
 R - a +2 war axe of electrocution
 Z - a +5 mace of freezing
Missiles
 c - 102 stones
 U - 5 silver javelins (quivered)
Armour
 r - the +7 ring mail of Altruism {+Inv}
   (You found it on level 2 of the Dungeon)

   +Inv:      It lets you turn invisible.
 t - a +0 pair of gloves (worn)
 w - a +1 scale mail of willpower
 x - the +2 ratskin cloak (worn) {*Rats rPois rN+ Str-1 Int-1 Dex+1}
   (You found it on level 7 of the Dungeon)

   *Rats:     When the wearer is hurt, rats may emerge from it to assist them.
   Str:       It affects your strength (-1).
   Int:       It affects your intelligence (-1).
   Dex:       It affects your dexterity (+1).
   rPois:     It protects you from poison.
   rN:        It protects you from negative energy.
 D - a +3 troll leather armour {Snorg}
 F - the +0 ring mail "Poilogez" {Fly rC- rN++}
   (You found it on level 4 of the Lair of Beasts)

   rC:        It makes you vulnerable to cold.
   rN:        It greatly protects you from negative energy.
   Fly:       It grants you flight.
 M - +0 steam dragon scales
Magical Staves
 z - a staff of air
Jewellery
 p - a +6 ring of intelligence (left hand)
 H - an amulet of reflection (around neck)
 K - a ring of protection from fire (right hand)
Wands
 B - a wand of light (4)
 S - a wand of flame (22)
 T - a wand of polymorph (3)
 V - a wand of paralysis (6)
Scrolls
 l - 4 scrolls of teleportation
 m - 4 scrolls of poison
 s - a scroll of silence
 v - a scroll of vulnerability
 y - 2 scrolls of enchant armour
 C - a scroll of blinking
 E - a scroll of immolation
 G - a scroll of magic mapping {unknown}
 I - 2 scrolls of enchant weapon
 J - a scroll of fog {unknown}
 L - 3 scrolls of noise
 O - a scroll of acquirement {unknown}
Potions
 a - 2 potions of lignification
 d - 4 potions of curing
 g - 2 potions of brilliance
 h - 5 potions of might
 i - 2 potions of ambrosia
 j - 2 potions of attraction
 k - 4 potions of haste
 n - a potion of invisibility
 o - 2 potions of magic
 q - a potion of degeneration {unknown}
 A - 2 potions of mutation
 Q - 2 potions of cancellation
 W - a potion of resistance
Miscellaneous
 Y - a tin of tremorstones (1/2)


   Skills:
 * Level 14.4 Fighting
 - Level 7.8(11.0) Axes
 * Level 12.2(13.1) Maces & Flails
 * Level 14.2 Armour
 + Level 9.4 Dodging
 + Level 7.3 Evocations


You had 12 spell levels left.
You didn't know any spells.
Your spell library contained the following spells:

 Spells                   Type           Power      Damage    Failure   Level
 Magic Dart               Conj           0%         1d3       45%         1
 Sandblast                Erth           0%         2d4       45%         1
 Call Imp                 Summ           0%         N/A       58%         2
 Ensorcelled Hibernation  Hex/Ice        0%         N/A       58%         2
 Passwall                 Tmut/Erth      0%         N/A       58%         2
 Static Discharge         Conj/Air       0%         2-2/arc   58%         2
 Dazzling Flash           Conj/Hex       0%         N/A       83%         3
 Hailstorm                Conj/Ice       0%         3d3       83%         3
 Mephitic Cloud           Conj/Pois/Air  0%         N/A       83%         3
 Stone Arrow              Conj/Erth      0%         3d7       83%         3
 Swiftness                Air            0%         N/A       83%         3
 Airstrike                Air            0%         2d(0-16)  99%         4
 Ice Form                 Ice/Tmut       0%         N/A       99%         4
 Olgreb's Toxic Radiance  Pois           0%         N/A       99%         4
 Summon Lightning Spire   Summ/Air       0%         N/A       99%         4
 Agony                    Necr           0%         N/A       100%        5
 Silence                  Hex/Air        0%         N/A       100%        5
 Simulacrum               Ice/Necr       0%         N/A       100%        6
 Discord                  Hex            0%         N/A       100%        8
 Ignition                 Fire           0%         3d3       100%        8


Dungeon Overview and Level Annotations

Branches:
Dungeon (10/15)            Temple (1/1) D:5            Lair (4/5) D:8
  Swamp (0/4) Lair:3        Snake (0/4) Lair:3        Slime (0/5) Lair:4
    Orc: D:9-12

Altars:
Ashenzari

Shops:
D:8 [


Innate Abilities, Weirdness & Mutations

You have a pair of horns on your head.
You reflexively headbutt those who attack you in melee.
You have sharp toenails.
Armour fits poorly on your strangely shaped body.
Your muscles are strong. (Str +4, Int/Dex -1)
[You are clumsy. (Dex -2)]


Message History

You hear an angry squeal.
You bludgeon the hell hog!!
You kill the hell hog!
Trog accepts your kill.
You feel the corruption within you wane somewhat.
You feel agile.
You barely miss the hell hog. You claw the hell hog.
The hell hog is lightly wounded.
The hell hog bites you!
You sock the hell hog! You claw the hell hog.
The hell hog is moderately wounded.
The hell hog closely misses you.
You sock the hell hog! Your kick misses the hell hog.
You headbutt the hell hog!
The hell hog is severely wounded.
The hell hog barely misses you. You furiously retaliate!
You headbutt the hell hog, but do no damage.
You completely miss the hell hog.
You claw the hell hog, but do no damage.
You headbutt the hell hog, but do no damage.
The hell hog is severely wounded.
The hell hog barely misses you.
You thump the hell hog! Your kick misses the hell hog.
The hell hog is severely wounded.
The hell hog bites you!
* * * LOW HITPOINT WARNING * * *
The hell hog breathes fire at you.
The fireball explodes!
The fireball engulfs you!! You resist.
* * * LOW HITPOINT WARNING * * *
A river rat scurries out from under your cloak.
The fireball engulfs the hell hog.
The hell hog completely resists.
You hear a faint skittering sound.
You hear a roar!
You catch the helpless hell hog completely off-guard!
You bludgeon the hell hog!!
You kill the hell hog!
Trog accepts your kill.
You are no longer corroded.
An efreet comes into view.
It is wielding a +1 scimitar of flaming.
The efreet hits you with a +1 scimitar of flaming!
You die...

#. . # . .
..##.... ###
.. #.. # ....#
####
.#.#####..#
##.#.#.#.#.. #
#.#....####...
##§.r....# .
#§§@###.#
####R# ..# #
#...# # # .
.#.### h..# .#
.. #. .. #.. .
.. # . .. # .


You could see an efreet (ally target) and a friendly river rat.

Vanquished Creatures
  A lich (Abyss:3)
  Snorg (Lair:4)
  2 hydras (Lair:4)
  2 hell hogs (Abyss:3)
  A two-headed ogre (D:9)
  2 death yaks (Lair:4)
  A thrashing horror (Abyss:3)
  Sonja (Lair:4)
  A soul eater (Abyss:3)
  Amaemon (Lair:1)
  A wretched star (Abyss:3)
  A large abomination (Abyss:3)
  2 bog bodies (Lair:3)
  A lindwurm (Lair:3)
  4 elephants (Lair:3)
  An apocalypse crab (Abyss:3)
  An orange demon (Lair:1)
  2 smoke demons (Abyss:3)
  An unseen horror (Abyss:3)
  7 cane toads
  A rime drake (Lair:2)
  A kobold demonologist (D:9)
  2 komodo dragons
  An ancient zyme (Abyss:3)
  A polar bear (Lair:4)
  5 blink frogs (Lair:2)
  Prince Ribbit (D:8)
  3 raiju (Abyss:3)
  8 dream sheep
  3 small abominations (Abyss:3)
  2 ynoxinuls (Abyss:3)
  3 wyverns
  A chaos spawn (Abyss:3)
  A steam dragon (D:6)
  30 yaks
  2 neqoxecs (Abyss:3)
  3 nagas (Lair:3)
  2 swamp worms (Lair:3)
  4 water moccasins
  4 black bears
  An orc warrior (D:7)
  An ice beast (D:5)
  A sky beast (D:8)
  3 wolves (Lair:2)
  2 centaurs
  2 phantoms
  A kobold brigand (D:9)
  11 bullfrogs
  3 scorpions
  13 wights
  A killer bee (D:8)
  3 howler monkeys
  An electric eel (Lair:3)
  A crimson imp (D:9)
  2 orc priests
  4 hounds
  2 gnoll boudas (D:8)
  5 jellies
  Ijyb (D:3)
  Terence (D:3)
  2 iguanas
  3 orc wizards
  5 hell rats (D:7)
  Robin (D:2)
  9 adders
  13 gnolls
  11 river rats (D:7)
  3 shadow imps
  4 white imps
  3 ufetubi
  2 worms
  4 dart slugs
  25 orcs
  12 endoplasms
  8 giant cockroaches
  18 goblins
  10 hobgoblins
  4 jackals
  4 quokkas
  3 ball pythons
  4 bats
  A frilled lizard (D:3)
  12 kobolds
  3 rats
335 creatures vanquished.

Vanquished Creatures (collateral kills)
  3 death yaks (Lair:4)
  A two-headed ogre (D:9)
  2 dream sheep (Lair:3)
  2 yaks
  A water moccasin (Lair:2)
  A centaur (D:8)
10 creatures vanquished.

Grand Total: 345 creatures vanquished

Notes
Turn   | Place    | Note
-------+----------+-------------------------------------------
     0 | D:1      | craigmon the Minotaur Berserker began the quest for the
                  | Orb.
     0 | D:1      | Reached XP level 1. HP: 19/19 MP: 0/0
   107 | D:1      | Reached XP level 2. HP: 27/27 MP: 1/1
   301 | D:1      | Found a faded altar of an unknown god.
   479 | D:2      | Reached ** piety under Trog
   501 | D:2      | Reached XP level 3. HP: 33/33 MP: 2/2
   768 | D:2      | Noticed Robin
   780 | D:2      | Killed Robin
   861 | D:2      | Reached XP level 4. HP: 41/41 MP: 3/3
   963 | D:2      | Identified the +7 ring mail of Altruism {+Inv}
  1472 | D:3      | Noticed Terence
  1479 | D:3      | Killed Terence
  1655 | D:3      | Reached XP level 5. HP: 47/47 MP: 4/4
  1940 | D:3      | Reached *** piety under Trog
  2088 | D:3      | Noticed Ijyb
  2099 | D:3      | Killed Ijyb
  2100 | D:3      | Reached skill level 5 in Fighting
  2286 | D:4      | Reached skill level 1 in Evocations
  2329 | D:4      | Reached skill level 5 in Axes
  2560 | D:4      | Reached XP level 6. HP: 49/56 MP: 5/5
  2895 | D:5      | Entered Level 5 of the Dungeon
  2921 | D:5      | Reached skill level 5 in Armour
  2921 | D:5      | Reached XP level 7. HP: 62/62 MP: 6/6
  3012 | D:5      | Reached **** piety under Trog
  3236 | D:5      | Found a staircase to the Ecumenical Temple.
  3249 | Temple   | Entered the Ecumenical Temple
  3578 | D:5      | Found a broken altar of Ashenzari.
  4118 | D:6      | Reached XP level 8. HP: 71/71 MP: 7/7
  4908 | D:7      | Identified the +11 morningstar of Joor Jol {antimagic,
                  | *Corrode rElec rC+++ Stlth+}
  4916 | D:7      | Reached skill level 5 in Dodging
  5411 | D:7      | Reached XP level 9. HP: 81/81 MP: 2/8
  5451 | D:7      | Reached skill level 1 in Maces & Flails
  5483 | D:7      | Found the +2 ratskin cloak {*Rats rPois rN+ Str-1 Int-1
                  | Dex+1}
  5608 | D:8      | Found Nigudo's Antique Armour Emporium.
  5620 | D:8      | Reached ***** piety under Trog
  5671 | D:8      | Found a staircase to the Lair.
  5757 | D:8      | You fall into a shaft and drop 2 floors!
  5757 | D:10     | Entered Level 10 of the Dungeon
  5961 | D:9      | Noticed a two-headed ogre
  5973 | D:9      | Killed a two-headed ogre
  5974 | D:9      | Reached skill level 5 in Maces & Flails
  5974 | D:9      | Reached XP level 10. HP: 35/92 MP: 3/9
  6208 | D:9      | Noticed a two-headed ogre
  6214 | D:9      | Killed a two-headed ogre
  6215 | D:9      | Reached skill level 10 in Fighting
  6822 | D:8      | Noticed Prince Ribbit
  6839 | D:8      | Killed Prince Ribbit
  6881 | D:8      | Reached skill level 10 in Armour
  7473 | Lair:1   | Entered Level 1 of the Lair of Beasts
  7583 | Lair:1   | Noticed an orange demon
  7590 | Lair:1   | Killed an orange demon
  7591 | Lair:1   | Reached skill level 5 in Evocations
  7592 | Lair:1   | Noticed Amaemon
  7603 | Lair:1   | Killed Amaemon
  7901 | Lair:2   | Reached XP level 11. HP: 61/102 MP: 3/10
  8076 | Lair:2   | Received a gift from Trog
  8790 | Lair:2   | Identified the +3 leather armour of the Muttering Gods
                  | {*Slow Fly rC+ Int+2}
  9610 | Lair:3   | Gained mutation: You have sharp toenails. [potion of
                  | mutation]
  9610 | Lair:3   | Gained mutation: Armour fits poorly on your strangely
                  | shaped body. [potion of mutation]
  9610 | Lair:3   | Gained mutation: Your muscles are strong. (Str +4, Int/Dex
                  | -1) [potion of mutation]
  9815 | Lair:3   | Found a staircase to the Snake Pit.
  9953 | Lair:3   | Noticed a bog body
 10009 | Lair:3   | Killed a bog body
 10010 | Lair:3   | Reached XP level 12. HP: 113/113 MP: 3/11
 10030 | Lair:3   | Found a staircase to the Swamp.
 11145 | Lair:3   | Reached skill level 10 in Maces & Flails
 11352 | Lair:4   | Noticed a four-headed hydra
 11358 | Lair:4   | Killed a four-headed hydra
 11409 | Lair:4   | Noticed Sonja
 11419 | Lair:4   | Killed Sonja
 11558 | Lair:4   | Found a staircase to the Slime Pits.
 11582 | Lair:4   | Noticed Snorg
 11590 | Lair:4   | Killed Snorg
 11743 | Lair:4   | Noticed an eight-headed hydra
 11750 | Lair:4   | Killed an eight-headed hydra
 11760 | Lair:4   | Noticed a death yak
 11762 | Lair:4   | Noticed a death yak
 11765 | Lair:4   | Noticed a death yak
 11765 | Lair:4   | Noticed a death yak
 11765 | Lair:4   | Noticed a death yak
 11767 | Lair:4   | Killed a death yak
 11774 | Lair:4   | Killed a death yak
 11774 | Lair:4   | Killed a death yak
 11777 | Lair:4   | Killed a death yak
 11779 | Lair:4   | Killed a death yak
 12120 | Lair:4   | Identified the +0 ring mail "Poilogez" {Fly rC- rN++}
 12412 | D:9      | Reached XP level 13. HP: 123/123 MP: 4/12
 12532 | Abyss:3  | Cast into level 3 of the Abyss (a wizard)
 12709 | Abyss:3  | Paralysed by you for 3 turns
 12717 | Abyss:3  | Noticed a lich
 12729 | Abyss:3  | Killed a lich
 12800 | Abyss:3  | Noticed a bone dragon
 13008 | Abyss:3  | Found a corrupted altar of Lugonu.
 13042 | Abyss:3  | Noticed a bone dragon
 13066 | Abyss:3  | Found a corrupted altar of Lugonu.
 13165 | Abyss:3  | Slain by an efreet

Illustrated notes

Levels and vault maps discovered:
D:1:      scummos_arrival_forest, layout_rooms, ebering_ecumenical_altar_webs
D:2:      layout_loops_cross, minmay_quadrilaterals, uniq_robin
D:3:      layout_loops_corners, uniq_ijyb, uniq_terence
D:4:      layout_basic, serial_park_tiny_1
D:5:      layout_basic, mainiacjoe_overflow_chevrons,
          minmay_temple_entry_poolview
D:6:      layout_basic
D:7:      wander_guarded_unrand_ratskin, layout_loops_ring
D:8:      layout_loops_cross, david_lair_generic, serial_shops, shop,
          minivault_10, minmay_fractal_squares_diagonal_5, uniq_prince_ribbit1
D:9:      layout_small_grid, lightli_wizard_tower
D:10:     layout_irregular_city, kennysheep_orc_monster_closet_entryway,
          minmay_misc_feat_x
Temple:   mainiacjoe_temple_trianglar_array
Lair:1:   gammafunk_lair_enchanted_lake, layout_small_grid, uniq_amaemon
Lair:2:   layout_layer_cave, minivault_25, nicolae_lair_grove_arrangements
Lair:3:   layout_long_grid, nicolae_swamp_entry_splash_gauntlet,
          nicolae_snake_entry_squirm
Lair:4:   layout_layer_cave, dpeg_slime_entry_enclosed,
          nicolae_quartered_pool_super, uniq_sonja, uniq_snorg
Abyss:3:  base: Lair:4, bh_silent_lugonu_exit, hangedman_relentless_pull,
          spicy_pingpong_abyss_rune, grunt_abyss_rune_wretched_hive,
          minivault_27

Skill      XL: |  1  2  3  4  5  6  7  8  9 10 11 12 13 |
---------------+----------------------------------------+-----
Fighting       | 4 5 6 8 9 11 12 13 14 | 14.4
Axes           | 4 5 6 7 |  7.8
Armour         | 3 4 5 6 7 9 10 12 13 14 | 14.2
Dodging        | 3 4 5 6 7 8 9 |  9.4
Evocations     | 1 2 3 4 5 6 7 |  7.3
Maces & Flails | 5 7 9 11 12 | 12.2

Action                     |  1- 3 |  4- 6 |  7- 9 | 10-12 | 13-15 || total
---------------------------+-------+-------+-------+-------+-------++-------
  Melee: Hand axe          |    26 |       |       |       |       ||    26
         Headbutt          |    14 |    17 |    41 |    59 |    26 ||   157
         War axe           |    44 |    29 |       |       |       ||    73
         Flail             |       |   123 |   111 |       |       ||   234
         Punch             |       |     1 |     1 |     3 |       ||     5
         Battleaxe         |       |       |    34 |       |       ||    34
         Morningstar       |       |       |    95 |   309 |   113 ||   517
         Kick              |       |       |       |    51 |    44 ||    95
 Invoke: Trog's Hand       |       |       |       |     4 |     8 ||    12
         Brothers in Arms  |       |       |       |     3 |       ||     3
  Evoke: Wand              |       |       |     1 |    15 |     1 ||    17
         Tin of tremorston |       |       |       |     1 |     1 ||     2
    Use: Scroll            |     3 |       |     7 |     8 |     1 ||    19
         Potion            |     2 |     1 |     3 |     6 |     4 ||    16
   Stab: Sleeping          |       |       |     1 |     1 |       ||     2
         Distracted        |       |       |       |       |     1 ||     1
 Armour: Chain mail        |    24 |     4 |       |       |       ||    28
         Animal skin       |     3 |       |       |       |       ||     3
         Ring mail         |       |    72 |    94 |   122 |    63 ||   351
         Skin              |       |       |       |       |     1 ||     1
  Dodge: Dodged            |    28 |    66 |   116 |   175 |    75 ||   460
  Block: Other             |       |       |    39 |    61 |    27 ||   127
         Reflection        |       |       |       |     1 |     1 ||     2
